 Dungeon Crawl Stone Soup version 0.13.2 (webtiles) character file.

158779 zdzicho121 the Eclecticist (level 17, -6/91 HPs)
             Began as a Gargoyle Conjurer on Jan 6, 2024.
             Was the Champion of Vehumet.
             Killed from afar by a spectral elf (48 damage)
             ... with an iron shot
             ... summoned by a deep elf death mage
             ... on Level 3 of the Elven Halls.
             The game lasted 02:54:42 (45387 turns).

zdzicho121 the Eclecticist (Gargoyle Conjurer)     Turns: 45387, Time: 02:54:42

HP  -6/91        AC 25     Str 14      XL: 17   Next: 67%
MP  14/39        EV 12     Int 25      God: Vehumet [******]
Gold 2321        SH 22     Dex 10      Spells:  9 memorised, 11 levels left

Res.Fire  : + + .   See Invis. : .   V - staff of conjuration
Res.Cold  : . . .   Warding    : +   l - +0 robe
Life Prot.: + + +   Conserve   : .   b - +0 shield of Zin's Delight {rF+ MR++}
Res.Poison: +       Res.Corr.  : .   S - +2 helmet {Int+3}
Res.Elec. : +       Clarity    : .   n - +2 cloak "Voeha" {rN+ Int+1}
Sust.Abil.: . .     Spirit.Shd : .   U - +0 pair of gloves
Res.Mut.  : .       Stasis     : .   T - +2 pair of boots {run}
Res.Rott. : +       Flight     : +   t - amulet of Propriety {Ward Contam rElec rF+ Stlth++}
Saprovore : . . .                    y - ring of wizardry
                                     u - ring of regeneration

@: flying, studying Crossbows, quick, extremely resistant to hostile
enchantments, quite stealthy
A: large and strong wings, fangs 1, talons 2, life protection 1, electricity
resistance, slow metabolism 2, unbreathing, petrification resistance, AC +12
a: Stop Flying, Renounce Religion


You were on level 3 of the Elven Halls.
You worshipped Vehumet.
Vehumet was exalted by your worship.
You were not hungry.

You visited 6 branches of the dungeon, and saw 30 of its levels.
You also visited: Labyrinth and Ice Cave.

You collected 2826 gold pieces.
You spent 525 gold pieces at shops.

Inventory:

Armour
 b - the +0 shield of Zin's Delight (worn) {rF+ MR++}
   (You acquired it on level 7 of the Lair of Beasts)

   It protects you from fire.
   It affects your resistance to hostile enchantments.
 l - a +0 robe (worn)
 n - the +2 cloak "Voeha" (worn) {rN+ Int+1}
   (You found it on level 3 of the Elven Halls)

   It affects your intelligence (+1).
   It protects you from negative energy.
 S - a +2 helmet of intelligence (worn)
 T - a +2 pair of boots of running (worn)
 U - a +0 pair of gloves (worn)
Magical devices
 c - a wand of digging (7)
 s - a wand of fireball (1) {unknown}
 B - a wand of cold (4)
 C - a wand of teleportation (3)
 W - a wand of lightning (1)
Comestibles
 d - a chunk of elf flesh
 i - 3 meat rations
Scrolls
 g - 3 scrolls of identify
 j - 2 scrolls of magic mapping
 q - 2 scrolls of recharging
 r - a scroll of immolation
 w - a scroll of enchant weapon I {unknown}
 A - 4 scrolls of fear
 F - 2 scrolls of fog
 G - 5 scrolls of enchant armour
 H - a scroll of blinking
 J - a scroll of holy word
 M - 8 scrolls of remove curse
Jewellery
 e - a cursed -2 ring of protection {unknown}
 k - an uncursed amulet of resist mutation
 t - the amulet of Propriety (around neck) {Ward Contam rElec rF+ Stlth++}
   (You found it on level 11 of the Dungeon)

   [amulet of warding]

   It protects you from fire.
   It insulates you from electricity.
   It causes magical contamination when unequipped.
   It makes you much more stealthy.
 u - a ring of regeneration (left hand)
 y - a ring of wizardry (right hand)
 E - an uncursed ring of fire
 X - an uncursed amulet of clarity
Potions
 f - 4 potions of curing
 h - a potion of might
 o - a potion of agility
 p - 2 potions of restore abilities
 v - 2 potions of brilliance
 N - 2 potions of resistance
 Y - 2 potions of heal wounds
Books
 a - a book of Wizardry

   Spells                             Type                      Level
   Summon Elemental                   Summoning                    4
   Agony                              Necromancy                   5
   Force Lance                        Conjuration                  5
   *Fireball                          Conjuration/Fire             5
   Haste                              Charms                       6
   Invisibility                       Hexes                        6
 L - a manual of Crossbows
 Z - a book of the Sky

   Spells                             Type                      Level
   Flight                             Charms/Air                   3
   Airstrike                          Air                          4
   Silence                            Hexes/Air                    5
   Deflect Missiles                   Charms/Air                   6
   Conjure Ball Lightning             Conjuration/Air              7
   Tornado                            Air                          9
Magical staves
 V - an uncursed staff of conjuration (weapon)


   Skills:
 - Level 6.2 Fighting
 - Level 0.7 Staves
 - Level 2.0 Armour
 - Level 3.4 Dodging
 - Level 2.5 Stealth
 - Level 10.0 Shields
 - Level 17.0 Spellcasting
 - Level 12.2 Conjurations
   Level 2.0 Hexes
 - Level 2.0 Charms
 - Level 2.0 Necromancy
 + Level 16.1 Fire Magic
 - Level 7.5 Air Magic
   Level 2.0 Poison Magic
 - Level 0.2 Evocations


You had 11 spell levels left.
You knew the following spells:

 Your Spells              Type           Power        Failure   Level  Hunger
a - Magic Dart            Conj           ####         1%          1    None
b - Fireball              Conj/Fire      #######...   1%          5    None
c - Iskenderun's Battles  Conj/Chrm      ######..     1%          4    None
d - Chain Lightning       Conj/Air       #######...   56%         8    #######
e - Iskenderun's Mystic   Conj           #######.     1%          4    None
f - Sublimation of Blood  Necr           ####......   1%          2    None
h - Orb of Destruction    Conj           #######...   2%          7    #####..
i - Regeneration          Chrm/Necr      ####......   1%          3    None
k - Ignite Poison         Fire/Trmt      ######....   1%          5    None


Dungeon Overview and Level Annotations

Branches:
Dungeon (13/27)            Temple (1/1) D:5             Orc (4/4) D:6
    Elf (3/3) Orc:3          Lair (8/8) D:13          Swamp (0/5) Lair:5
  Snake (1/5) Lair:3        Slime (0/6) Lair:7

Altars:
Ashenzari
Cheibriados
Elyvilon
Fedhas
Kikubaaqudgha
Makhleb
Nemelex Xobeh
Okawaru
Sif Muna
Trog
Vehumet
Yredelemnul
the Shining One
Beogh
Jiyva

Shops:
D:4 *   D:8 !   D:10 (   Orc:4 *[?%(   Elf:1 +   Elf:3 }

Portals:
Trove: D:12 (give +2 gold dragon armour)

Annotations:
Lair:8 exclusion: oklob plant


Innate Abilities, Weirdness & Mutations

You are resistant to torment.
You are immune to poison.
You can fly continuously.
Your stone body is very resilient (AC +12).
Your wings are large and strong.
You have very sharp teeth.
You have razor-sharp toenails.
You resist negative energy.
You are resistant to electric shocks.
You need consume almost no food.
You can survive without breathing.
You are immune to petrification.


Message History

You feel your power returning.
Unknown command.
Unknown command.
Unknown command.
Found ten items.
Things that are here:
an elven short sword; a runed chain mail You barely miss the spectral elf.
The spectral elf hits you with an elven dagger.
You completely miss the spectral elf.
The spectral elf hits you but does no damage.
The spectral elf gestures at you while chanting.
The iron shot hits you!
* * * LOW HITPOINT WARNING * * *
You are too injured to fight recklessly!
You feel much better.
The spectral elf points at you and mumbles some strange words.
The iron shot hits you!
Ouch! That really hurt!
You die...

###.# #.#..(......)#?#.#.#.....
..#.# #.#.........)<.).#.#.....
..#.#####%.............###.#.....
..#....................).........
.....############################
..##.# ######### .....#
###$)[:$))[ #....# ###/$[!)$)$e$)
#....# #$$)(@W$)$}$|$ ####.#
#$$##'##:$)$}[= ####.#
#...####=$= ..##.# ##.....#####
..##.# ###.......###### ..##.#
####.........#### ..##.#
..#####..)...... ..'..#
......######.... ..####
...........)....


You could see a deep elf death mage and a spectral elf.

Vanquished Creatures
  4 deep elf master archers (Elf:3)
  2 deep elf blademasters (Elf:3)
  Rupert (Lair:3)
  The ghost of zdzicho121 the Earth Mage, a mighty GrEE of Vehumet (Elf:3)
  Donald (Elf:2)
  10 deep elf sorcerers (Elf:3)
  Gastronok (D:10)
  3 deep elf demonologists
  5 deep elf annihilators
  8 deep elf death magi
  A minotaur (Lab)
  Snorg (Elf:2)
  The ghost of zdzicho121 the Eclecticist, a powerful DECj of Vehumet (Elf:1)
  5 deep elf high priests
  7 hydras
  Harold (Orc:2)
  A large abomination (Elf:3)
  Nessos (Elf:1)
  An anaconda (Snake:1)
  6 death yaks (Lair:8)
  A centaur warrior (D:11)
  6 orc high priests
  2 spectral elves (Elf:3)
  A sun demon (Orc:4)
  18 deep elf knights
  An ice devil (IceCv)
  A sea snake (shapeshifter) (Elf:2)
  A necromancer (IceCv)
  A hell beast (Elf:3)
  An unseen horror (D:13)
  3 ice statues (IceCv)
  Erolcha (D:13)
  8 orc knights
  11 deep elf conjurers
  2 orc sorcerers (Elf:2)
  3 hill giants
  A griffon (D:11)
  A harpy (shapeshifter) (Elf:1)
  An oklob plant (Orc:3)
  6 elephants (Lair:7)
  Maurice (Orc:1)
  7 black mambas
  8 deep elf summoners
  A queen ant (Lair:1)
  An orange demon (Orc:4)
  A demonic crawler (Elf:1)
  A spriggan druid (Lair:8)
  A small abomination (Elf:2)
  12 spiny frogs
  A fire drake (Lair:5)
  5 deep elf priests
  4 trolls
  7 blue devils (IceCv)
  A giant firefly (Lair:8)
  9 spriggans (Lair:8)
  A two-headed ogre (D:12)
  7 slime creatures (D:11)
  6 komodo dragons
  A boulder beetle (Lair:6)
  3 basilisks
  A boulder beetle (shapeshifter) (Elf:1)
  6 grizzly bears
  6 redbacks
  12 blink frogs
  3 wyverns
  A shadow (D:12)
  A dragon skeleton (D:12)
  A trapdoor spider (D:12)
  An elephant slug (Lair:7)
  31 deep elf magi
  2 tarantellas (Lair:3)
  20 yaks
  6 sharks (Lair:8)
  28 deep elf fighters
  10 hippogriffs
  3 steam dragons
  A manticore (D:8)
  A mottled dragon (Lair:5)
  Menkaure (D:7)
  33 wolves
  20 soldier ants (Lair:1)
  8 porcupines
  44 orc warriors
  3 nagas (Lair:3)
  6 black bears
  5 sky beasts
  3 giant goldfish (Lair:8)
  7 ice beasts
  A black bear (shapeshifter) (Elf:1)
  3 phantoms
  A swamp drake (Lair:5)
  A spriggan simulacrum (IceCv)
  11 centaurs
  2 boring beetles
  A big kobold (D:11)
  11 ogres
  7 wargs
  17 water moccasins
  A lost soul (Elf:3)
  8 giant slugs
  15 crocodiles
  Blork the orc (D:11)
  15 giant frogs
  2 gnoll sergeants (D:10)
  A yaktaur skeleton (D:11)
  4 agate snails
  2 eyes of draining
  21 wights
  A vampire bat (Orc:2)
  12 killer bees
  8 crimson imps
  3 jellyfish (Lair:8)
  2 electric eels (Lair:8)
  5 goliath beetles
  2 giant frog zombies
  13 hounds
  56 orc priests
  2 quasits (D:8)
  A giant frog skeleton (D:4)
  2 jellies (D:9)
  2 big fish (Lair:8)
  A black bear skeleton (D:4)
  A gnoll shaman (D:10)
  3 scorpions
  7 iguanas
  35 orc wizards
  21 worker ants
  3 orange rats (Elf:1)
  2 troll simulacra (IceCv)
  20 sheep
  A worker ant zombie (D:10)
  3 draconian simulacra (IceCv)
  A mummy (D:10)
  27 adders
  12 gnolls
  67 green rats
  An ogre simulacrum (IceCv)
  4 giant centipedes
  A worm (D:5)
  3 naga simulacra (IceCv)
  12 white imps (Lair:4)
  5 giant mites
  An adder zombie (D:9)
  8 giant geckos
  3 oozes
  251 orcs
  41 bats
  3 giant cockroaches
  24 goblins
  21 hobgoblins
  44 jackals
  19 kobolds
  4 giant newts
  2 goblin skeletons
  16 quokkas
  36 rats
  4 crawling corpses
  4 fungi
  A plant (Lair:8)
1419 creatures vanquished.

Vanquished Creatures (others)
  A human (D:3)
  6 fulminant prisms
  10 fungi
  3 plants
  11 toadstools (Lair:8)
31 creatures vanquished.

Grand Total: 1450 creatures vanquished

Notes
Turn   | Place    | Note
--------------------------------------------------------------
     0 | D:1      | zdzicho121, the Gargoyle Conjurer, began the quest for the Orb.
     0 | D:1      | Reached XP level 1. HP: 10/10 MP: 3/3
   422 | D:1      | Reached XP level 2. HP: 15/15 MP: 2/4
   922 | D:1      | Reached skill level 5 in Conjurations
  1035 | D:1      | Reached XP level 3. HP: 13/19 MP: 1/5
  1132 | D:1      | Learned a level 2 spell: Searing Ray
  2008 | D:2      | Reached XP level 4. HP: 24/24 MP: 4/7
  2234 | D:2      | Learned a level 4 spell: Iskenderun's Battlesphere
  2839 | D:3      | Reached XP level 5. HP: 15/28 MP: 6/9
  3041 | D:2      | Reached skill level 1 in Charms
  3568 | D:3      | Found an ancient bone altar of Kikubaaqudgha.
  3645 | D:3      | Reached skill level 6 in Conjurations
  3756 | D:3      | Reached XP level 6. HP: 26/32 MP: 6/12
  4580 | D:4      | Learned a level 5 spell: Fulminant Prism
  5119 | D:4      | Found Rebram's Assorted Antiques.
  5142 | D:4      | Bought a scroll of identify for 48 gold pieces
  5142 | D:4      | Bought 2 scrolls labeled TUM WENETU for 48 gold pieces
  5142 | D:4      | Bought a scroll labeled WYN PNERIA for 24 gold pieces
  5142 | D:4      | Bought a scroll labeled KHAXKEC MNOOPI for 24 gold pieces
  5429 | D:4      | Reached XP level 7. HP: 36/36 MP: 10/16
  5541 | D:4      | Found a deep blue altar of Sif Muna.
  5541 | D:4      | Found a basalt altar of Yredelemnul.
  5720 | D:5      | Entered Level 5 of the Dungeon
  5860 | D:5      | Found a staircase to the Ecumenical Temple.
  5871 | Temple   | Entered the Ecumenical Temple
  5892 | Temple   | Became a worshipper of Vehumet
  5929 | D:5      | Reached skill level 5 in Spellcasting
  6002 | D:5      | Reached skill level 7 in Conjurations
  6268 | D:5      | Reached skill level 1 in Hexes
  6268 | D:5      | Reached XP level 8. HP: 41/41 MP: 12/20
  7181 | D:6      | Acquired Vehumet's first power
  7181 | D:6      | Offered knowledge of Shock by Vehumet.
  7214 | D:6      | Reached skill level 8 in Conjurations
  7482 | D:6      | Learned a level 4 spell: Iskenderun's Mystic Blast
  7512 | D:6      | Reached XP level 9. HP: 45/45 MP: 19/23
  7541 | D:6      | Learned a level 2 spell: Sublimation of Blood
  7667 | D:6      | Found a staircase to the Orcish Mines.
  7792 | D:6      | Reached skill level 9 in Conjurations
  7792 | D:6      | Reached skill level 1 in Necromancy
  8310 | D:7      | Offered knowledge of Sting by Vehumet.
  8386 | D:7      | Learned a level 1 spell: Sting
  8475 | D:7      | Noticed Menkaure
  8480 | D:7      | Killed Menkaure
  8703 | D:7      | Reached skill level 1 in Poison Magic
  9094 | D:8      | Reached skill level 10 in Conjurations
  9096 | D:8      | Offered knowledge of Inner Flame by Vehumet.
  9096 | D:8      | Reached XP level 10. HP: 36/50 MP: 14/26
  9281 | D:8      | Acquired Vehumet's second power
  9341 | D:8      | Learned a level 7 spell: Orb of Destruction
  9380 | D:8      | Found Ghiups' Distillery.
  9388 | D:8      | Bought a potion of magic for 84 gold pieces
  9388 | D:8      | Bought a potion of invisibility for 66 gold pieces
  9853 | D:9      | Offered knowledge of Airstrike by Vehumet.
 10204 | D:9      | Reached skill level 11 in Conjurations
 10327 | D:9      | Reached skill level 10 in Spellcasting
 10470 | D:9      | Acquired Vehumet's third power
 10740 | D:10     | Entered Level 10 of the Dungeon
 10883 | D:10     | Noticed Gastronok
 10951 | D:10     | Offered knowledge of Fireball by Vehumet.
 11009 | D:9      | Learned a level 5 spell: Fireball
 11075 | D:10     | Killed Gastronok
 11075 | D:10     | Reached skill level 1 in Fire Magic
 11075 | D:10     | Reached XP level 11. HP: 54/54 MP: 7/29
 11511 | D:10     | Found Noifryig's Weapon Boutique.
 11598 | D:10     | Noticed a hill giant
 11602 | D:10     | Killed a hill giant
 11753 | D:10     | Reached skill level 12 in Conjurations
 12107 | D:10     | Found a burning altar of Makhleb.
 12688 | D:11     | Found a labyrinth entrance.
 12697 | Lab      | Entered a labyrinth
 13119 | Lab      | Noticed a minotaur
 13125 | Lab      | Killed a minotaur
 13132 | Lab      | Got a pitted great sword
 13244 | D:11     | Identified a +0 pair of boots of running (You found it in a labyrinth)
 13254 | D:11     | Identified the great sword of the Warrior {flame, rElec} (You found it in a labyrinth)
 13345 | D:11     | Reached skill level 1 in Shields
 13427 | D:11     | Noticed Blork the orc
 13434 | D:11     | Killed Blork the orc
 13443 | D:11     | Found a deep blue altar of Sif Muna.
 13547 | D:11     | Offered knowledge of Bolt of Fire by Vehumet.
 14262 | D:11     | Noticed a hill giant
 14262 | D:11     | Noticed a centaur warrior
 14330 | D:11     | Killed a centaur warrior
 14330 | D:11     | Reached skill level 5 in Shields
 14821 | D:11     | Killed a hill giant
 14977 | D:11     | Got a transparent amethyst amulet
 14988 | D:11     | Got a slimy spear
 14995 | D:11     | Identified the spear "Ukhaon" {holy, Str+3 Int+3 Stlth+} (You found it on level 11 of the Dungeon)
 14997 | D:11     | Identified the cursed amulet of Propriety {Ward Contam rElec rF+ Stlth++} (You found it on level 11 of the Dungeon)
 15014 | D:12     | Learned a level 3 spell: Regeneration
 15039 | D:12     | Found a portal to a secret trove of treasure.
 15387 | D:12     | Reached skill level 5 in Fighting
 15457 | D:12     | Reached XP level 12. HP: 62/64 MP: 15/30
 16064 | D:13     | Noticed Erolcha
 16082 | D:13     | Killed Erolcha
 16323 | D:13     | Found a staircase to the Lair.
 17141 | D:13     | Found a roughly hewn altar of Beogh.
 17208 | Lair:1   | Entered Level 1 of the Lair of Beasts
 17332 | Lair:1   | Offered knowledge of Throw Icicle by Vehumet.
 18488 | Lair:1   | Reached skill level 13 in Spellcasting
 18954 | Lair:1   | Offered knowledge of Lightning Bolt by Vehumet.
 19091 | Lair:1   | Learned a level 5 spell: Lightning Bolt
 19470 | Lair:1   | Noticed a four-headed hydra
 19476 | Lair:1   | Killed a four-headed hydra
 19738 | Lair:2   | Reached XP level 13. HP: 71/71 MP: 16/33
 19982 | Lair:2   | Found a bloodstained altar of Trog.
 20046 | Lair:2   | Reached skill level 1 in Air Magic
 20736 | Lair:2   | Reached skill level 14 in Spellcasting
 20792 | Lair:2   | Found a bloodstained altar of Trog.
 21468 | Lair:3   | Noticed Rupert
 21480 | Lair:3   | Killed Rupert
 22158 | Lair:3   | Found a staircase to the Snake Pit.
 22164 | Lair:3   | Offered knowledge of Delayed Fireball by Vehumet.
 23616 | Lair:4   | Reached skill level 15 in Spellcasting
 23829 | Lair:4   | Found a frozen archway.
 23899 | IceCv    | Entered an ice cave
 24594 | IceCv    | Offered knowledge of Bolt of Cold by Vehumet.
 24939 | IceCv    | Gained mutation: Your wings are large and strong. [gargoyle growth]
 24939 | IceCv    | Reached XP level 14. HP: 76/76 MP: 32/35
 25059 | IceCv    | Got a smoking falchion
 25069 | IceCv    | Identified the falchion "Zuxkixei" {drain, *Tele MR++} (You found it in an ice cave)
 26169 | Lair:5   | Found a staircase to the Swamp.
 26408 | Lair:5   | Learned a level 5 spell: Ignite Poison
 26493 | Lair:5   | Reached skill level 16 in Spellcasting
 27469 | Lair:6   | Offered knowledge of Conjure Ball Lightning by Vehumet.
 27944 | Lair:7   | Reached skill level 5 in Air Magic
 28805 | Lair:7   | Found a viscous altar of Jiyva.
 28806 | Lair:7   | Found a staircase to the Slime Pits.
 28938 | Lair:7   | Identified a scroll of acquirement
 28951 | Lair:7   | Got an encrusted shield
 28960 | Lair:7   | Identified the +0 shield of Zin's Delight {rF+ MR++} (You acquired it on level 7 of the Lair of Beasts)
 29010 | Lair:8   | Entered Level 8 of the Lair of Beasts
 29021 | Lair:8   | Found a blossoming altar of Fedhas.
 30372 | Lair:8   | Offered knowledge of Poisonous Cloud by Vehumet.
 30393 | Lair:8   | Reached XP level 15. HP: 80/80 MP: 15/37
 30543 | Lair:8   | Reached skill level 10 in Shields
 31598 | Lair:7   | Reached skill level 5 in Fire Magic
 32114 | Orc:1    | Entered Level 1 of the Orcish Mines
 32730 | Orc:1    | Offered knowledge of Fire Storm by Vehumet.
 32730 | Orc:1    | Offered knowledge of Chain Lightning by Vehumet.
 32730 | Orc:1    | Offered knowledge of Tornado by Vehumet.
 32994 | Orc:1    | Noticed Maurice
 32997 | Orc:1    | Killed Maurice
 33149 | Orc:2    | Noticed Harold
 33160 | Orc:2    | Killed Harold
 33680 | Orc:2    | Learned a level 8 spell: Chain Lightning
 33717 | Orc:2    | Reached skill level 1 in Armour
 34067 | Orc:2    | Found a bloodstained altar of Trog.
 34256 | Orc:3    | Found a staircase to the Elven Halls.
 34430 | Orc:3    | Found a roughly hewn altar of Beogh.
 35213 | Orc:4    | Entered Level 4 of the Orcish Mines
 35213 | Orc:4    | Found Tuco's Assorted Antiques.
 36199 | Orc:4    | Reached skill level 17 in Spellcasting
 37552 | Orc:4    | Found Irefitat's Food Boutique.
 37552 | Orc:4    | Found Ceumoan's Antique Weapon Shop.
 37552 | Orc:4    | Found Nasokype's Magic Scroll Shop.
 37554 | Orc:4    | Found Qoidgh's Antique Armour Shop.
 37676 | Orc:4    | Bought a scroll of blinking for 77 gold pieces
 37676 | Orc:4    | Bought a scroll of blinking for 77 gold pieces
 37676 | Orc:4    | Bought a scroll of amnesia for 77 gold pieces
 38025 | Orc:4    | Got a pair of steaming boots
 38029 | Orc:4    | Identified the -2 pair of boots of the Moon {Str+3 Dam+2} (You acquired it on level 4 of the Orcish Mines)
 38043 | Orc:4    | Gained mutation: You need consume almost no food. [potion of beneficial mutation]
 38390 | Snake:1  | Entered Level 1 of the Snake Pit
 38851 | Elf:1    | Entered Level 1 of the Elven Halls
 39067 | Elf:1    | Noticed Nessos
 39075 | Elf:1    | Killed Nessos
 39255 | Elf:1    | Found Wuec's Book Shop.
 40037 | Elf:1    | Reached XP level 16. HP: 86/86 MP: 21/38
 40248 | Elf:1    | Noticed zdzicho121's ghost (powerful DECj)
 40258 | Elf:1    | Killed zdzicho121's ghost
 40710 | Elf:2    | Noticed Donald
 41046 | Elf:2    | Killed Donald
 41046 | Elf:2    | Reached skill level 10 in Fire Magic
 41171 | Elf:2    | Noticed Snorg
 41187 | Elf:2    | Killed Snorg
 42183 | Elf:3    | Entered Level 3 of the Elven Halls
 42689 | Elf:3    | Noticed zdzicho121's ghost (mighty GrEE)
 42697 | Elf:3    | Killed zdzicho121's ghost
 43015 | Elf:3    | Found Frogeevy's Gadget Shoppe.
 43279 | Elf:3    | Got a fine cloak
 43304 | Elf:2    | Identified the +2 cloak "Voeha" {rN+ Int+1} (You found it on level 3 of the Elven Halls)
 43368 | Elf:3    | Noticed a deep elf master archer
 43370 | Elf:3    | Killed a deep elf master archer
 43783 | Elf:3    | Noticed a deep elf blademaster
 43794 | Elf:3    | Reached XP level 17. HP: 91/91 MP: 21/39
 43973 | Elf:3    | Noticed a deep elf master archer
 43976 | Elf:3    | Noticed a deep elf master archer
 43979 | Elf:3    | Killed a deep elf master archer
 43980 | Elf:3    | Killed a deep elf master archer
 43984 | Elf:3    | Noticed a deep elf blademaster
 43986 | Elf:3    | Killed a deep elf blademaster
 44531 | Elf:3    | Reached skill level 15 in Fire Magic
 44726 | Elf:3    | Noticed a deep elf master archer
 44730 | Elf:3    | Killed a deep elf master archer
 45038 | Elf:3    | Killed a deep elf blademaster
 45387 | Elf:3    | Killed from afar by a spectral elf

Action                   |  1- 3 |  4- 6 |  7- 9 | 10-12 | 13-15 | 16-18 || total
-------------------------+-------+-------+-------+-------+-------+-------++-------
Melee: Unarmed           |    48 |       |       |       |       |       ||    48
       Dagger            |     7 |    28 |       |       |       |       ||    35
       Staff             |       |       |    27 |     8 |    32 |    43 ||   110
 Cast: Magic Dart        |    65 |   123 |   157 |   388 |   623 |       ||  1356
       Searing Ray       |     2 |    11 |     4 |     2 |       |       ||    19
       Iskenderun's Batt |       |     6 |    31 |   109 |   150 |       ||   296
       Sting             |       |       |    40 |    27 |       |       ||    67
       Iskenderun's Myst |       |       |    10 |    75 |   339 |     8 ||   432
       Sublimation of Bl |       |       |     6 |       |       |       ||     6
       Fulminant Prism   |       |       |     3 |     3 |       |       ||     6
       Orb of Destructio |       |       |       |    14 |    54 |    21 ||    89
       Fireball          |       |       |       |    66 |   160 |   232 ||   458
       Lightning Bolt    |       |       |       |     3 |    24 |       ||    27
       Ignite Poison     |       |       |       |       |     1 |       ||     1
 Abil: Fly               |       |       |       |       |     1 |       ||     1
Evoke: Wand              |       |       |       |    10 |     5 |    10 ||    25
       Miscellaneous     |       |       |       |     1 |       |       ||     1
  Use: Scroll            |       |     8 |     9 |    26 |    18 |     4 ||    65
       Potion            |       |       |     3 |     2 |     1 |     8 ||    14
